 Dungeon Crawl Stone Soup version 0.29-a0-982-gaed3a0c8d8 (webtiles) character file.

Game seed: 5380438102847819915

2590 Newt the Sneak (level 9, -3/49 HPs)
             Began as an Octopode Transmuter on Aug 1, 2022.
             Was an Initiate of Gozag.
             Slain by an orc warrior
             ... wielding a +0 trident
              (11 damage)
             ... on level 8 of the Dungeon.
             The game lasted 00:15:19 (7028 turns).

Newt the Sneak (Octopode Transmuter)                Turns: 7028, Time: 00:15:20

Health: -3/49      AC:  1    Str: 16    XL:     9   Next: 58%
Magic:  0/16       EV: 14    Int: 26    God:    Gozag
Gold:   429        SH:  0    Dex: 11    Spells: 12/18 levels left

rFire   . . .      SeeInvis .   l - +4 whip (venom)
rCold   . . .      Faith    .   (no shield)
rNeg    . . .      Spirit   +   (helmet currently unavailable)
rPois   +          Reflect  .   n - amulet of guardian spirit
rElec   +          Harm     .   k - ring of Royalty {rElec rPois Str+4 Int+6}
rCorr   .          Rampage  .   (no ring)
Will    .....                   (no ring)
Stlth   ++++......              (no ring)
HPRegen 0.16/turn               (no ring)
MPRegen 0.15/turn               (no ring)
                                (no ring)
                                (no ring)

@: appendages, wereblooded (expiring), gold aura, unable to drink
A: tentacle spike 3, almost no armour, amphibious, 8 rings, camouflage 1,
gelatinous body 1, (nimble swimmer 1), tentacles, clever 1, frail 1, electricity
resistance, inability to drink while threatened 1
a: End Transformation, Renounce Religion, Potion Petition, Call Merchant, Bribe
Branch


You were on level 8 of the Dungeon.
You worshipped Gozag.
Gozag was aware of your devotion.
One of your tentacles had grown a beastly spike.
You visited 1 branch of the dungeon, and saw 8 of its levels.

You collected 503 gold pieces.
You paid 74 gold pieces to Gozag.

Inventory:

Hand Weapons
 l - a +4 whip of venom (weapon)
Jewellery
 g - an amulet of regeneration
 k - the ring of Royalty (left tentacle) {rElec rPois Str+4 Int+6}
   (You found it on level 3 of the Dungeon)

   [ring of intelligence]

   Str:       It affects your strength (+4).
   Int:       It affects your intelligence (+6).
   rElec:     It insulates you from electricity.
   rPois:     It protects you from poison.
 n - an amulet of guardian spirit (around mantle)
 p - a ring of fire
Wands
 o - a wand of roots (15)
Scrolls
 a - a scroll of immolation {unknown}
 b - 2 scrolls of amnesia
 c - 2 scrolls of enchant weapon
 e - 2 scrolls of blinking
Potions
 d - 4 potions of brilliance
 f - 2 potions of degeneration
 h - a potion of cancellation
 i - a potion of heal wounds
 j - a potion of berserk rage {unknown}
 m - 3 potions of curing
 q - a potion of attraction {unknown}


   Skills:
 + Level 2.5 Fighting
 + Level 2.4 Maces & Flails
 + Level 4.3 Dodging
 + Level 7.0 Stealth
 + Level 6.3 Unarmed Combat
 + Level 5.0 Spellcasting
 + Level 4.9 Transmutations
 * Level 6.2 Poison Magic


You had 12 spell levels left.
You knew the following spells:

 Your Spells              Type           Power      Damage    Failure   Level
a - Beastly Appendage     Tmut           64%        N/A       1%          1
b - Wereblood             Tmut           32%        N/A       1%          2
c - Spider Form           Tmut/Pois      35%        N/A       2%          3

Your spell library contained the following spells:

 Spells                   Type           Power      Damage    Failure   Level
 Magic Dart               Conj           24%        1d4       8%          1
 Mephitic Cloud           Conj/Pois/Air  17%        N/A       10%         3
 Blink                    Tloc           12%        N/A       12%         2
 Call Imp                 Summ           6%         N/A       12%         2
 Ice Form                 Ice/Tmut       19%        N/A       28%         4
 Manifold Assault         Tloc           6%         N/A       91%         5
 Storm Form               Tmut/Air       9%         N/A       100%        7


Dungeon Overview and Level Annotations

Branches:
Dungeon (8/15)             Temple (0/1) D:6
   Lair: D:8-11

Altars:
Cheibriados
Fedhas
Gozag
Nemelex Xobeh
Yredelemnul
The Shining One

Shops:
D:2 :


Innate Abilities, Weirdness & Mutations

One of your tentacles has grown a beastly spike.
You cannot wear most types of armour.
You are amphibious.
You can wear up to eight rings at the same time.
Your skin changes colour to match your surroundings (Stealth+).
Your rubbery body absorbs attacks. (AC +1, EV +1)
((You are camouflaged when in or above water. (Stealth+)))
You have tentacles for arms and can constrict up to eight enemies at once.
Your mind is acute. (Int +4, Str/Dex -1)
You are frail. (-10% HP)
You are resistant to electric shocks. (rElec)
You occasionally lose the ability to drink potions when taking damage.


Message History

The gnoll attacks as you move away! The gnoll barely misses you.
The gnoll shouts!
The scorpion is distracted by your dazzling golden aura.
The scorpion is no longer distracted by gold.
The gnoll is no longer distracted by gold.
There is a stone staircase leading down here.
The gnoll closely misses you.
The scorpion is distracted by your dazzling golden aura.
You climb downwards.
You hear the hiss of flowing sand.
There is an entrance to an ossuary on this level.
Hurry and find it before the portal is buried!
The orc warrior shouts!
The orc shouts!
You hear a shout!
There is a stone staircase leading up here.
You hit the gnoll.
The gnoll is poisoned.
The gnoll is heavily wounded.
You hiss as the wereblood boils in your veins!
Your transformation has ended.
Your +4 whip of venom unmelds from your body.
Your +4 whip of venom begins to drip with poison!
The gnoll misses you.
Casting: Spider Form (dangerous; 2% risk of failure)
Confirm with . or Enter, or press ? or * to list all spells.
One of your tentacles grows a vicious spike.
An orc comes into view. It is wielding a +2 dagger of freezing.
The gnoll barely misses you.
You whack the gnoll!
You feel a bit better.
You kill the gnoll!
You whack the orc!
You feel a bit better.
You kill the orc!
The orc warrior hits you from afar with a +0 trident!!
You feel threatened and lose the ability to drink potions!
* * * LOW HITPOINT WARNING * * *
You whack the orc!
You feel a bit better.
You kill the orc!
Your primal bloodlust is almost over.
The orc warrior closely misses you. The orc completely misses you.
The orc warrior hits you with a +0 trident!
You die...
Your body crumbles into a pile of gold.

#... ...+ #....
....# $ +....
....# #.....
....#
#.....####....#
#.............#
#.<......#
#$.......#
#..@.....+
#.oo.....#
#......#####
#......+
+......#
#......#
#......#
#......#


You could see an orc warrior and an orc.

Vanquished Creatures
  Maggie (D:6)
  Grinder (D:6)
  Eustachio (D:4)
  Edmund (D:4)
  Menkaure (D:4)
  A water moccasin (D:7)
  A sky beast (D:6)
  4 ogres
  A black bear (D:5)
  2 phantoms (D:5)
  Blork the orc (D:6)
  A bullfrog (D:7)
  2 necrophages
  A scorpion (D:6)
  2 howler monkeys (D:6)
  6 hounds
  An orc priest (D:5)
  Crazy Yiuf (D:4)
  A jelly (D:6)
  Jessica (D:2)
  Robin (D:4)
  8 gnolls
  9 adders
  3 worms
  A dart slug (D:2)
  16 orcs
  5 bats
  6 endoplasms
  4 giant cockroaches
  8 goblins
  15 hobgoblins
  9 jackals
  7 kobolds
  A quokka (D:4)
  5 ball pythons
  7 frilled lizards
  7 rats
143 creatures vanquished.

Notes
Turn   | Place    | Note
-------+----------+-------------------------------------------
     0 | D:1      | Newt the Octopode Transmuter began the quest for the Orb.
     0 | D:1      | Reached XP level 1. HP: 13/13 MP: 3/3
   344 | D:1      | Reached XP level 2. HP: 18/18 MP: 5/5
   347 | D:1      | Learned a level 2 spell: Wereblood
   640 | D:2      | Reached skill level 1 in Stealth
   641 | D:2      | Reached skill level 1 in Poison Magic
   861 | D:2      | Reached XP level 3. HP: 20/23 MP: 2/6
  1114 | D:2      | Reached XP level 4. HP: 27/28 MP: 3/7
  1350 | D:2      | Noticed Jessica
  1359 | D:2      | Killed Jessica
  1542 | D:2      | Found a faded altar of an unknown god.
  1616 | D:2      | Reached XP level 5. HP: 27/33 MP: 4/8
  1879 | D:2      | Found Badeik's Book Shop.
  2005 | D:3      | Reached skill level 2 in Stealth
  2152 | D:3      | Noticed an ogre
  2162 | D:3      | Killed an ogre
  2163 | D:3      | Reached XP level 6. HP: 37/38 MP: 5/10
  2518 | D:3      | Identified the ring of Royalty {rElec rPois Str+4 Int+6}
  2543 | D:3      | Reached skill level 3 in Stealth
  2690 | D:4      | Noticed Menkaure
  2693 | D:4      | Found a glowing golden altar of the Shining One.
  2698 | D:4      | Killed Menkaure
  2801 | D:4      | Found a blossoming altar of Fedhas.
  2879 | D:4      | Noticed Edmund
  2881 | D:4      | Gained mutation: You occasionally lose the ability to drink
                  | potions when taking damage. [potion of mutation]
  2881 | D:4      | Gained mutation: You are frail. (-10% HP) [potion of
                  | mutation]
  2881 | D:4      | Gained mutation: Your mind is acute. (Int +4, Str/Dex -1)
                  | [potion of mutation]
  2881 | D:4      | Gained mutation: You are resistant to electric shocks.
                  | (rElec) [potion of mutation]
  2895 | D:4      | Killed Edmund
  2896 | D:4      | Reached skill level 5 in Unarmed Combat
  2896 | D:4      | Reached XP level 7. HP: 38/38 MP: 8/11
  2964 | D:4      | Noticed Robin
  2978 | D:4      | Killed Robin
  3066 | D:4      | Found a runed translucent door.
  3067 | D:4      | Noticed Crazy Yiuf
  3111 | D:4      | Noticed Eustachio
  3120 | D:4      | Killed Eustachio
  3121 | D:4      | Reached skill level 4 in Stealth
  3943 | D:4      | Killed Crazy Yiuf
  4101 | D:5      | Entered Level 5 of the Dungeon
  4136 | D:5      | Reached XP level 8. HP: 43/43 MP: 13/13
  4170 | D:5      | Learned a level 3 spell: Spider Form
  4193 | D:5      | Found an opulent altar of Gozag.
  4232 | D:5      | Became a worshipper of Gozag Ym Sagoz the Greedy
  4323 | D:5      | Reached skill level 5 in Stealth
  4512 | D:5      | Identified the +1 pair of gloves "Werra" {rPois rF- Will+}
  4652 | D:5      | Reached skill level 6 in Stealth
  5541 | D:6      | Reached skill level 1 in Maces & Flails
  5541 | D:6      | Reached skill level 5 in Poison Magic
  5733 | D:6      | Found a sparkling altar of Nemelex Xobeh.
  5762 | D:6      | Found a basalt altar of Yredelemnul.
  5773 | D:6      | Noticed Grinder
  5783 | D:6      | Paralysed by Grinder for 3 turns
  5790 | D:6      | Killed Grinder
  5791 | D:6      | Reached XP level 9. HP: 28/48 MP: 6/15
  5979 | D:6      | Found a staircase to the Ecumenical Temple.
  5995 | D:6      | Found a snail-covered altar of Cheibriados.
  6027 | D:6      | Noticed Maggie
  6048 | D:6      | Killed Maggie
  6385 | D:6      | Noticed Blork the orc
  6396 | D:6      | Killed Blork the orc
  7005 | D:7      | Reached skill level 7 in Stealth
  7005 | D:7      | Reached skill level 5 in Spellcasting
  7028 | D:8      | Slain by an orc warrior

Illustrated notes

Levels and vault maps discovered:
D:1:      minmay_arrival_checkered_box, layout_basic, serial_forest,
          infiniplex_forest_corner_2, infiniplex_forest_lined_2,
          infiniplex_forest_clump_tiny, infiniplex_forest_clump_double,
          infiniplex_forest_clump_diagonal, infiniplex_forest_lined_ring,
          infiniplex_forest_zigzag_1, nrook_campfire, minmay_misc_feat_hallway
D:2:      layout_basic, hellmonk_ecumenical_altar_leap_of_faith, serial_shops,
          shop, kennysheep_generic_room_16, uniq_jessica
D:3:      layout_rooms
D:4:      minmay_door_path, layout_loops_ring, tso_metal_star,
          general_overflow_altar, uniq_eustachio, uniq_crazy_yiuf_cottage,
          uniq_menkaure, uniq_robin, uniq_edmund
D:5:      layout_basic, nicolae_gozag_seed_capital, grunt_decor_junction
D:6:      layout_cave_pods, lemuel_doored_altar,
          mainiacjoe_overflow_small_starburst, nemelex_dance_club_becter,
          temple_pool_b, uniq_blork_the_orc, uniq_maggie, uniq_grinder
D:7:      minmay_clustersquares, layout_rooms, tgw_sif
D:8:      layout_gridville, nicolae_ossuary_entry_plus, serial_shops,
          nicolae_shop_crystal, minmay_alternating_orb, uniq_erica,
          uniq_gastronok

Skill      XL: |  1  2  3  4  5  6  7  8  9 |
---------------+----------------------------+-----
Stealth        | 1 2 3 4 6 7 |  7.0
Poison Magic   | 1 2 3 4 5 6 |  6.2
Unarmed Combat | 4 5 6 |  6.3
Transmutations | 3 4 |  4.9
Spellcasting   | 3 4 5 |  5.0
Dodging        | 3 4 |  4.3
Maces & Flails | 1 2 |  2.4
Fighting       | 2 |  2.5

Action                   |  1- 3 |  4- 6 |  7- 9 || total
-------------------------+-------+-------+-------++-------
Melee: Unarmed           |    66 |   116 |   106 ||   288
       Constrict         |    20 |    26 |    32 ||    78
       Tentacles         |    12 |    19 |    33 ||    64
       Kick              |     7 |    14 |    35 ||    56
       Punch             |     1 |     1 |     6 ||     8
       Whip              |       |       |    86 ||    86
 Cast: Beastly Appendage |     7 |    11 |    21 ||    39
       Wereblood         |     5 |     9 |    13 ||    27
       Spider Form       |       |       |     5 ||     5
Evoke: Wand              |       |       |     1 ||     1
  Use: Scroll            |       |     4 |     6 ||    10
       Potion            |       |     3 |     1 ||     4
 Stab: Sleeping          |     7 |     9 |    12 ||    28
       Distracted        |       |       |     1 ||     1
Armor: Skin              |     7 |     9 |     4 ||    20
Dodge: Dodged            |    40 |    54 |   149 ||   243

Table legend: (Time is in decaauts)
 A = Elapsed time spent in this place.
 B = Non-inter-level travel time spent in this place.
 C = Inter-level travel time spent in this place.
 D = Time resting spent in this place.
 E = Time spent auto-exploring this place.
 F = Levels seen in this place.
 G = Mean time per level.
                   A        B        C        D        E       F      G
               +--------+--------+--------+--------+--------+-----+--------+
         Total |   7005 |   6713 |    292 |    864 |   4820 |   8 |  875.6 |
       Dungeon |   7005 |   6713 |    292 |    864 |   4820 |   8 |  875.6 |
               +--------+--------+--------+--------+--------+-----+--------+

Top non-repeatable levels by time:
     D:6: 1755 daAuts
     D:4: 1434 daAuts
     D:2: 1318 daAuts
     D:5: 1070 daAuts
     D:3: 765 daAuts
     D:1: 563 daAuts
     D:7: 90 daAuts
     D:8: 6 daAuts
